 Dungeon Crawl Stone Soup version 0.28-a0-1493-g08698888e4 (webtiles) character file.

Game seed: 2068033173319661545

205 fragbeetle the Cudgeller (level 5, -5/53 HPs)
             Began as a Troll Berserker on Jan 12, 2022.
             Was a Believer of Trog.
             Slain by a centaur (6 damage)
             ... on level 4 of the Dungeon.
             The game lasted 00:05:02 (1962 turns).

fragbeetle the Cudgeller (Troll Berserker)          Turns: 1962, Time: 00:05:03

Health: -5/53      AC:  4    Str: 25    XL:     5   Next: 53%
Magic:  4/4        EV: 10    Int:  5    God:    Trog [**....]
Gold:   93         SH:  0    Dex:  9    Spells: 4/4 levels left

rFire   . . .      SeeInvis .   k - +2 war axe (vorpal)
rCold   . . .      Faith    .   (no shield)
rNeg    . . .      Spirit   .   b - +0 animal skin
rPois   .          Reflect  .   (helmet restricted)
rElec   .          Harm     .   (no cloak)
rCorr   .          Rampage  .   (gloves unavailable)
Will    .....                   (boots unavailable)
Stlth   +.........              e - amulet of magic regeneration
HPRegen 0.97/turn               (no ring)
MPRegen 0.49/turn               (no ring)

@: no status effects
A: large, unfitting armour, claws 3, regeneration 1, shaggy fur 1, tough skin 1
a: Renounce Religion, Berserk, Trog's Hand


You were on level 4 of the Dungeon.
You worshipped Trog.
Trog was pleased with you.
You visited 1 branch of the dungeon, and saw 4 of its levels.

You collected 93 gold pieces.

Inventory:

Hand Weapons
 a - a +0 mace
 k - a +2 vorpal war axe (weapon)
 l - a +1 short sword of venom
Missiles
 d - 31 stones (quivered)
Armour
 b - a +0 animal skin (worn)
Jewellery
 e - an amulet of magic regeneration (around neck)
Scrolls
 c - 2 scrolls of amnesia {unknown}
 j - 2 scrolls of identify {unknown}
 m - a scroll of fear {unknown}
 n - a scroll of noise {unknown}
Potions
 f - a potion of heal wounds {unknown}
 g - a potion of flight {unknown}
 h - a potion of degeneration {unknown}
 i - a potion of curing {unknown}


   Skills:
 + Level 3.2 Fighting
 * Level 4.2 Maces & Flails
 + Level 1.7 Throwing
 + Level 3.1 Dodging


You had 4 spell levels left.
You didn't know any spells.
Your spell library was empty.

Dungeon Overview and Level Annotations

Branches:
Dungeon (4/15)
 Temple: D:4-7

Altars:

Portals:
Abyss: D:3

Annotations:
D:3 2 transporters, blank1's ghost, amateur DjFE


Innate Abilities, Weirdness & Mutations

You are too large for most types of armour.
You have claws for hands.
Your natural rate of healing is unusually fast.
You are covered in fur. (AC +1)
You have tough skin. (AC +1)


Message History

The adder barely misses you.
You slash the adder!
You kill the adder!
Trog accepts your kill.
You see here an adder corpse.
m - a scroll labelled VUNUAB QELIE
n - a scroll labelled QIWAEREOMI
Found an escape hatch in the floor.
Found a stone staircase leading down.
Found 15 gold pieces.
A centaur comes into view.
The centaur shouts!
The centaur wields a +0 shortbow.
The centaur shoots an arrow.
The arrow hits you!
A centaur comes into view.
The centaur shouts!
The centaur wields a +0 shortbow.
The centaur shoots an arrow.
The arrow hits you!
The centaur shoots an arrow.
The arrow hits you!
The centaur shoots an arrow.
The arrow closely misses you.
The centaur unwields a +0 shortbow.
The centaur barely misses you. The centaur kicks you.
You hit the centaur.
The centaur is lightly wounded.
The centaur shoots an arrow.
The arrow hits you!
* * * LOW HITPOINT WARNING * * *
The centaur barely misses you. The centaur misses you.
The centaur shoots an arrow.
The arrow hits you!
* * * LOW HITPOINT WARNING * * *
The centaur hits you.
* * * LOW HITPOINT WARNING * * *
The centaur misses you.
The centaur unwields a +0 shortbow.
The centaur closely misses you. The centaur barely misses you.
The centaur hits you.
* * * LOW HITPOINT WARNING * * *
The centaur kicks you but does no damage.
You hit the centaur but do no damage. x2; The centaur hits you.
* * * LOW HITPOINT WARNING * * *
The centaur kicks you but does no damage.
The centaur hits you.
You die...

...... ##.........
........ #..........
........ ##..........
.......
###...........
..$...##.............
#.##................
..##..............#
#.#..>..........##
#@...>.........##
#.cc#...........##
#...##......#...##
##.# ......###### ...
.......# ....
.......# ###.
........# ## .......


You could see 2 centaurs.

Vanquished Creatures
  A gnoll shaman (D:4)
  An orc wizard (D:4)
  5 gnolls (D:4)
  3 adders
  3 worms (D:3)
  A dart slug (D:1)
  3 orcs (D:4)
  6 endoplasms
  6 giant cockroaches
  7 goblins
  3 hobgoblins
  2 jackals (D:1)
  3 kobolds
  6 quokkas
  7 ball pythons
  5 rats
62 creatures vanquished.

Notes
Turn   | Place    | Note
-------+----------+-------------------------------------------
     0 | D:1      | fragbeetle the Troll Berserker began the quest for the Orb.
     0 | D:1      | Reached XP level 1. HP: 22/22 MP: 0/0
   124 | D:1      | Found a faded altar of an unknown god.
   144 | D:1      | Reached skill level 3 in Maces & Flails
   144 | D:1      | Reached XP level 2. HP: 29/29 MP: 1/1
   919 | D:2      | Reached XP level 3. HP: 27/36 MP: 2/2
  1242 | D:3      | Reached ** piety under Trog
  1331 | D:3      | Reached skill level 1 in Throwing
  1331 | D:3      | Reached XP level 4. HP: 41/44 MP: 3/3
  1386 | D:3      | Found a transporter.
  1391 | D:3      | Found a transporter.
  1399 | D:3      | Found a one-way gate to the infinite horrors of the Abyss.
  1399 | D:3      | Noticed blank1's ghost (amateur DjFE)
  1401 | D:3      | Noticed a kobold brigand
  1891 | D:4      | Reached skill level 4 in Maces & Flails
  1891 | D:4      | Reached XP level 5. HP: 40/53 MP: 4/4
  1957 | D:4      | Noticed a centaur
  1957 | D:4      | Noticed a centaur
  1961 | D:4      | HP: 2/53 [centaur (3)]
  1962 | D:4      | Slain by a centaur

Illustrated notes

Levels and vault maps discovered:
D:1:      wander_arrival_estate, layout_basic,
          shapermc_ecumenical_altar_starsandcircs, roderic_malta_cross
D:2:      layout_rooms
D:3:      layout_basic, gammafunk_ghost_abyssal_escape
D:4:      layout_cave_pods, nicolae_ossuary_entry_monument, minmay_manual_mares

Skill      XL: |  1  2  3  4 |
---------------+-------------+-----
Maces & Flails | 3 4 |  4.2
Throwing       | 1 |  1.7
Fighting       | 3 |  3.2
Dodging        | 3 |  3.1

Action                   |  1- 3 |  4- 6 || total
-------------------------+-------+-------++-------
Melee: Mace              |   155 |    68 ||   223
       Punch             |     3 |       ||     3
       War axe           |       |     4 ||     4
Invok: Berserk           |     2 |     2 ||     4
 Stab: Sleeping          |     2 |       ||     2
Armor: Animal skin       |    53 |    20 ||    73
Dodge: Dodged            |    79 |    41 ||   120

Table legend: (Time is in decaauts)
 A = Elapsed time spent in this place.
 B = Non-inter-level travel time spent in this place.
 C = Inter-level travel time spent in this place.
 D = Time resting spent in this place.
 E = Time spent auto-exploring this place.
 F = Levels seen in this place.
 G = Mean time per level.
                   A        B        C        D        E       F      G
               +--------+--------+--------+--------+--------+-----+--------+
         Total |   2048 |   1980 |     68 |    100 |   1172 |   4 |  512.0 |
       Dungeon |   2048 |   1980 |     68 |    100 |   1172 |   4 |  512.0 |
               +--------+--------+--------+--------+--------+-----+--------+

Top non-repeatable levels by time:
     D:1: 852 daAuts
     D:3: 587 daAuts
     D:2: 410 daAuts
     D:4: 198 daAuts
